 Dungeon Crawl Stone Soup version 0.28-a0-726-g4a9143789a (webtiles) character file.

Game seed: 14832575751285404802

81 lawman0 the Grasshopper (level 4, -4/35 HPs)
             Began as a Barachi Warper on Oct 27, 2021.
             Slain by Grinder (7 damage)
             ... on level 3 of the Dungeon.
             The game lasted 00:03:56 (2866 turns).

lawman0 the Grasshopper (Barachi Warper)            Turns: 2866, Time: 00:03:58

Health: -4/35      AC:  4    Str: 18    XL:     4   Next: 40%
Magic:  2/7        EV: 16    Int: 14    God:
Gold:   74         SH:  0    Dex: 12    Spells: 1/7 levels left

rFire   . . .      SeeInvis .   a - +0 falchion
rCold   . . .      Faith    .   (no shield)
rNeg    . . .      Spirit   .   p - +0 leather armour
rPois   .          Reflect  .   (no helmet)
rElec   .          Harm     .   (no cloak)
rCorr   .          Rampage  .   n - +0 pair of gloves
Will    .....                   (no boots)
Stlth   +.........              (no amulet)
HPRegen 0.11/turn               c - +4 ring of evasion
MPRegen 0.10/turn               r - +6 ring of strength

@: very slightly contaminated, invisible, slow
A: amphibious, slowness 1, strong legs 1, +LOS
a: Hop


You were on level 3 of the Dungeon.
You visited 1 branch of the dungeon, and saw 3 of its levels.

You collected 74 gold pieces.

Inventory:

Hand Weapons
 a - a +0 falchion (weapon)
 b - a +0 hunting sling
Missiles
 d - 4 boomerangs of dispersal
 h - 105 stones
 j - 6 poisoned darts (quivered)
Armour
 n - a +0 pair of gloves (worn)
 p - a +0 leather armour (worn)
Jewellery
 c - a +4 ring of evasion (left hand)
 r - a +6 ring of strength (right hand)
 t - a ring of willpower
Scrolls
 k - a scroll of vulnerability
Potions
 e - a potion of invisibility
 f - a potion of curing
 i - a potion of ambrosia {unknown}
 l - a potion of attraction {unknown}
 m - a potion of heal wounds {unknown}
 o - 2 potions of lignification {unknown}
 q - a potion of brilliance {unknown}


   Skills:
 + Level 3.0 Fighting
 * Level 3.5 Long Blades
 + Level 1.0 Throwing
 + Level 1.4 Armour
 + Level 2.3 Dodging
 + Level 0.2 Stealth
 + Level 2.4 Spellcasting
 * Level 4.1 Translocations
 * Level 1.0 Earth Magic


You had one spell level left.
You knew the following spells:

 Your Spells              Type           Power      Damage    Failure   Level
a - Blink                 Tloc           26%        N/A       8%          2
b - Sandblast             Erth           8%         2d5       19%         1
c - Teleport Other        Tloc           13%        N/A       16%         3

Your spell library contained the following spells:

 Spells                   Type           Power      Damage    Failure   Level
 Gell's Gravitas          Tloc           6%         N/A       16%         3
 Lesser Beckoning         Tloc           13%        N/A       16%         3
 Passwall                 Tmut/Erth      2%         N/A       32%         2
 Sublimation of Blood     Necr           0%         N/A       38%         2
 Stone Arrow              Conj/Erth      6%         3d7       54%         3
 Manifold Assault         Tloc           13%        N/A       80%         5
 Petrify                  Tmut/Erth      3%         N/A       91%         4
 Irradiate                Conj/Tmut      0%         3d14      100%        5


Dungeon Overview and Level Annotations

Branches:
Dungeon (3/15)

Altars:
Fedhas
Vehumet

Shops:
D:1 =

Annotations:
D:2 1 runed translucent door, Crazy Yiuf
D:3 Grinder


Innate Abilities, Weirdness & Mutations

You are amphibious.
You cover ground slowly.
You can hop short distances.
You have an extended range of vision and can be seen from far away.


Message History

Confirm with . or Enter, or press ? or * to list all spells.
Aiming: Sandblast (safe; 19% risk of failure)
Press: ? - help, Shift-Dir - straight line, f - you That would be overly suicidal.
Okay, then.
Casting: Sandblast (safe; 19% risk of failure)
Confirm with . or Enter, or press ? or * to list all spells.
Okay, then.
Casting: Sandblast (safe; 19% risk of failure)
Confirm with . or Enter, or press ? or * to list all spells.
Aiming: Sandblast (safe; 19% risk of failure)
Press: ? - help, Shift-Dir - straight line, f - Grinder
Aim: Grinder (lightly wounded, 75% to hit)
The blast of sand hits Grinder but does no damage.
Grinder is lightly wounded.
h - 107 stones Grinder hits you!
* * * LOW HITPOINT WARNING * * *
You writhe in agony.
* * * LOW HITPOINT WARNING * * *
Casting: Sandblast (safe; 19% risk of failure)
Confirm with . or Enter, or press ? or * to list all spells.
Aiming: Sandblast (safe; 19% risk of failure)
Press: ? - help, Shift-Dir - straight line, f/p - Grinder
Aim: Grinder (lightly wounded, 75% to hit)
The blast of sand hits Grinder.
Grinder is lightly wounded.
h - 106 stones Grinder gestures at you.
You barely resist.
Casting: Sandblast (safe; 19% risk of failure)
Confirm with . or Enter, or press ? or * to list all spells.
Aiming: Sandblast (safe; 19% risk of failure)
Press: ? - help, Shift-Dir - straight line, f/p - Grinder
Aim: Grinder (lightly wounded, 75% to hit)
The blast of sand hits Grinder.
Grinder is lightly wounded.
h - 105 stones Grinder hits you!
You die...

......# #.#.....# ##
####..# #.#.....# ..
###.# #.#...### #####.
#...# #.#.#.# ......
#...# ..#.#.# ≈≈≈≈≈≈
#...##########.#.###
#.≈......
#..................#
..≈.≈≈≈§≈
#........#.#####.#.#
..≈.≈..§≈ #####....#
#.5@....# ..≈.§._.≈
#........#.#.####.##
..≈.≈...§
#........#......#.#
#.≈.§≈≈.§
###........###....#.#
#.≈......
..............#####.#
#.≈≈≈≈≈≈≈
.##....##.....# #.#..
.........
.##....##...........#.#
####.##..
.##....##.#.........#.#
#.###.
..#....##.#.........#.#
#.# #.


You could see Grinder.

Vanquished Creatures
  An adder (D:2)
  A worm (D:2)
  2 dart slugs (D:1)
  4 endoplasms
  3 giant cockroaches
  8 goblins
  5 hobgoblins
  4 kobolds
  A quokka (D:1)
  4 ball pythons
  15 bats
  8 frilled lizards
  6 rats
62 creatures vanquished.

Notes
Turn   | Place    | Note
-------+----------+-------------------------------------------
     0 | D:1      | lawman0 the Barachi Warper began the quest for the Orb.
     0 | D:1      | Reached XP level 1. HP: 17/17 MP: 3/3
   171 | D:1      | Reached XP level 2. HP: 1/23 MP: 5/5
   832 | D:1      | Reached XP level 3. HP: 28/28 MP: 6/6
   996 | D:1      | Found Doutsoown's Jewellery Shop.
  1042 | D:1      | Learned a level 2 spell: Blink
  1044 | D:1      | Learned a level 1 spell: Sandblast
  1048 | D:1      | Learned a level 3 spell: Teleport Other
  1865 | D:2      | Reached skill level 4 in Translocations
  1865 | D:2      | Reached XP level 4. HP: 35/35 MP: 4/7
  1906 | D:2      | Found a radiant altar of Vehumet.
  2110 | D:2      | Reached skill level 1 in Earth Magic
  2130 | D:2      | Found a runed translucent door.
  2131 | D:2      | Noticed Crazy Yiuf
  2604 | D:3      | Noticed Grinder
  2737 | D:3      | Found a blossoming altar of Fedhas.
  2847 | D:3      | Paralysed by Grinder for 5 turns
  2866 | D:3      | Slain by Grinder

Illustrated notes

Levels and vault maps discovered:
D:1:      dpeg_arrival_subterranean_lakeside_camping, layout_rooms,
          serial_shops, nicolae_shop_temple_entry_statues_fountains,
          minmay_misc_feat_diagonals, minmay_domino_2
D:2:      layout_rooms, basic_altar, uniq_crazy_yiuf_cottage
D:3:      layout_basic, mainiacjoe_overflow_concentric_impassable, minivault_5,
          uniq_grinder

Skill      XL: |  1  2  3  4 |
---------------+-------------+-----
Long Blades    | 3 |  3.5
Fighting       | 3 |  3.0
Translocations | 4 |  4.1
Earth Magic    | 1 |  1.0
Throwing       | |  1.0
Armour         | |  1.4
Dodging        | |  2.3
Stealth        | |  0.2
Spellcasting   | |  2.4

Action                   |  1- 3 |  4- 6 || total
-------------------------+-------+-------++-------
Melee: Falchion          |   125 |     5 ||   130
Throw: Boomerang         |     1 |       ||     1
       Dart              |     4 |     7 ||    11
 Cast: Sandblast         |     9 |    23 ||    32
  Use: Scroll            |     1 |     3 ||     4
       Potion            |       |     1 ||     1
Armor: Leather armour    |    33 |     6 ||    39
Dodge: Dodged            |   141 |    13 ||   154

Table legend: (Time is in decaauts)
 A = Elapsed time spent in this place.
 B = Non-inter-level travel time spent in this place.
 C = Inter-level travel time spent in this place.
 D = Time resting spent in this place.
 E = Time spent auto-exploring this place.
 F = Levels seen in this place.
 G = Mean time per level.
                   A        B        C        D        E       F      G
               +--------+--------+--------+--------+--------+-----+--------+
         Total |   3127 |   3100 |     27 |    304 |   2286 |   3 | 1042.3 |
       Dungeon |   3127 |   3100 |     27 |    304 |   2286 |   3 | 1042.3 |
               +--------+--------+--------+--------+--------+-----+--------+

Top non-repeatable levels by time:
     D:1: 1827 daAuts
     D:3: 722 daAuts
     D:2: 577 daAuts
